 Dungeon Crawl Stone Soup version 0.27.0-1-g7a089689b8 (webtiles) character file.

Game seed: 9492824906850407660

18 inmateoo the Caller (level 2, 0/22 HPs)
             Began as a Demigod Summoner on Aug 1, 2021.
             Succumbed to an adder's poison
             ... on level 2 of the Dungeon.
             The game lasted 00:03:19 (1345 turns).

inmateoo the Caller (Demigod Summoner)              Turns: 1345, Time: 00:03:20

Health: 0/22       AC:  3    Str:  9    XL:     2   Next: 36%
Magic:  5/7        EV: 12    Int: 17    God:
Gold:   120        SH:  0    Dex: 14    Spells: 2/5 levels left

rFire    . . .     SeeInvis .   (no weapon)
rCold    . . .     Faith    .   (no shield)
rNeg     . . .     Spirit   .   a - +0 robe
rPois    .         Reflect  .   i - +0 helmet
rElec    .         Harm     .   (no cloak)
rCorr    .         Rampage  .   (no gloves)
Will     .....                  (no boots)
Stlth    ++........             (no amulet)
HPRegen  0.07/turn              (no ring)
MPRegen  0.10/turn              (no ring)

@: lethally poisoned (0 -> -1)
A: high mp 1, forlorn
a: no special abilities


You were on level 2 of the Dungeon.
You visited 1 branch of the dungeon, and saw 2 of its levels.

You collected 120 gold pieces.

Inventory:

Hand Weapons
 f - a +0 hand crossbow
Armour
 a - a +0 robe (worn)
 i - a +0 helmet (worn)
Scrolls
 c - a scroll of noise {unknown}
 h - a scroll of torment {unknown}
 j - a scroll of immolation {unknown}


   Skills:
 + Level 0.7 Fighting
 - Level 2.0 Dodging
 + Level 2.1 Stealth
 - Level 2.0 Spellcasting
 + Level 3.7 Summonings


You had 2 spell levels left.
You knew the following spells:

 Your Spells              Type           Power      Damage    Failure   Level
a - Summon Small Mammal   Summ           56%        N/A       4%          1
b - Call Imp              Summ           14%        N/A       6%          2

Your spell library contained the following spells:

 Spells                   Type           Power      Damage    Failure   Level
 Call Canine Familiar     Summ           14%        N/A       12%         3
 Summon Guardian Golem    Hex/Summ       8%         N/A       26%         3
 Summon Lightning Spire   Summ/Air       8%         N/A       65%         4


Dungeon Overview and Level Annotations

Branches:
Dungeon (2/15)


Innate Abilities, Weirdness & Mutations

Your attributes grow dramatically as you level up.
You have an increased reservoir of magic. (+10% MP)
You shall have no god before yourself.


Message History

* * * LOW HITPOINT WARNING * * *
You are more poisoned.
The adder poisons you!
Unknown command.
It was a potion of brilliance.
You feel clever all of a sudden.
* * * LOW HITPOINT WARNING * * *
You feel sick.
Your bat closely misses the adder.
The adder completely misses you.
Your bat misses the adder.
Your bat barely misses the adder.
It was a potion of curing.
You feel better.
Your bat barely misses the adder.
Your bat misses the adder. The adder bites you.
* * * LOW HITPOINT WARNING * * *
You are poisoned.
The adder poisons you! The adder bites you.
* * * LOW HITPOINT WARNING * * *
Your bat hits the adder but does no damage.
It was a potion of might.
You feel very mighty all of a sudden.
* * * LOW HITPOINT WARNING * * *
You feel sick.
Your bat barely misses the adder.
Your bat misses the adder.
Your bat closely misses the adder.
Your bat hits the adder but does no damage.
The adder misses you.
Your bat barely misses the adder.
Your bat misses the adder.
It was a potion of cancellation.
Your magical effects are unravelling.
You feel magically purged.
You feel a little less mighty now.
You feel a little less clever now.
* * * LOW HITPOINT WARNING * * *
You feel sick.
Your bat hits the adder but does no damage.
Your bat misses the adder. x3; The adder barely misses you.
Your bat barely misses the adder.
Your bat misses the adder.
Unknown command.
* * * LOW HITPOINT WARNING * * *
You feel sick.
Your bat completely misses the adder.
Your bat hits the adder. The adder bites you but does no damage.
Unknown command.
You die...

#.....# ###.....#######
......b........ ..
...........## #. ...
#.....##..# #.
#$...#####.b...## . #.#. #.
#....#####.S....#... #.#.# #.
#(..................##.#.###.
##....####...@.#......#.......
........##.....#..... #.......
........##.###.#..... #.#.##..
..................#.. #.##.#
.......(.#†##.....##. #.....
...#####.#.##.....# #.##..
#.#.##<....##.####.##..
..#.####....#......##..
#.#.##....#.######.##..


You could see an adder (ally target) and 2 friendly bats.

Vanquished Creatures
  A ball python (D:2)
  A giant cockroach (D:1)
  5 frilled lizards (D:1)
  A rat (D:1)
8 creatures vanquished.

Vanquished Creatures (collateral kills)
  A dart slug (D:1)
  An endoplasm (D:1)
  2 giant cockroaches
  2 hobgoblins (D:1)
  4 kobolds
  3 ball pythons (D:1)
  A frilled lizard (D:1)
  2 rats (D:1)
16 creatures vanquished.

Grand Total: 24 creatures vanquished

Notes
Turn   | Place    | Note
-------+----------+-------------------------------------------
     0 | D:1      | inmateoo the Demigod Summoner began the quest for the Orb.
     0 | D:1      | Reached XP level 1. HP: 14/14 MP: 5/5
   457 | D:1      | Reached XP level 2. HP: 11/22 MP: 2/7
  1070 | D:1      | Learned a level 2 spell: Call Imp
  1344 | D:2      | HP: 1/22 [poisoned by an adder]
  1345 | D:2      | Succumbed to an adder's poison

Illustrated notes

Levels and vault maps discovered:
D:1:      dpeg_arrival_tiny_b, layout_rooms,
          shapermc_ecumenical_altar_mp_vishouse
D:2:      layout_basic, serial_shops, shop, basic_altar

Skill      XL: |  1  2 |
---------------+-------+-----
Stealth        | 2 |  2.1
Dodging        | 2 |  2.0
Spellcasting   | 2 |  2.0
Fighting       | |  0.7
Summonings     | |  3.7

Action                   || total
-------------------------++-------
Melee: Unarmed           ||    73
 Cast: Summon Small Mamm ||    26
  Use: Potion            ||     4
 Stab: Distracted        ||     1
Armor: Robe              ||    15
Dodge: Dodged            ||    50
